 Dungeon Crawl Stone Soup version 0.30-a0-1043-g60ff8d5f49 (webtiles) character file.

Game seed: 1347690486298431641

121 DeathPants the Stinger (level 5, -3/42 HPs)
             Began as a Naga Venom Mage on Apr 9, 2023.
             Killed by nerve-wracking pain
             ... invoked by an orc priest
              (14 damage)
             ... on level 4 of the Dungeon.
             The game lasted 00:11:15 (3969 turns).

DeathPants the Stinger (Naga Venom Mage)            Turns: 3969, Time: 00:11:15

Health: -3/42      AC:  2    Str: 12    XL:     5   Next: 5%
Magic:  5/8        EV:  9    Int: 16    God:
Gold:   180        SH:  0    Dex: 11    Spells: 2/8 levels left

rFire   . . .      SeeInvis +    p - +4 whip
rCold   . . .      Faith    .    (no shield)
rNeg    . . .      Spirit   .    g - +0 robe
rPois   +          Reflect  .    (no helmet)
rElec   .          Rampage  .    d - scarf {shadows}
rCorr   .                        (no gloves)
Will    .....                    (no barding)
Stlth   ++                       (no amulet)
HPRegen 0.27/turn                i - ring of flight
MPRegen 0.11/turn                (no ring)

@: flying, very slow
A: AC +1, large, see invisible, deformed body, poison resistance, slowness 2,
spit poison 1, naga tail 1
a: Spit Poison


You were on level 4 of the Dungeon.
You visited 1 branch of the dungeon, and saw 5 of its levels.

You collected 180 gold pieces.

Inventory:

Hand Weapons
 a - a +0 flail
 b - a +1 morningstar of holy wrath
 p - a +4 whip (weapon)
Missiles
 e - 5 javelins
 r - 3 poisoned darts
Armour
 d - a scarf of shadows (worn)
 g - a +0 robe (worn)
Jewellery
 i - a ring of flight (left hand)
Scrolls
 c - a scroll of acquirement {unknown}
 h - a scroll of poison
 k - a scroll of blinking {unknown}
 o - a scroll of fog {unknown}
 q - a scroll of amnesia {unknown}
 s - a scroll of silence {unknown}
Potions
 j - a potion of magic
 l - 2 potions of curing
 m - a potion of ambrosia {unknown}
 n - 2 potions of mutation {unknown}


   Skills:
 - Level 1.5 Dodging
 - Level 3.0 Stealth
 - Level 2.0 Spellcasting
 - Level 1.0 Transmutations
 + Level 3.0 Air Magic
 - Level 6.0 Poison Magic


You had 2 spell levels left.
You knew the following spells:

 Your Spells              Type           Power      Damage    Failure   Level
a - Sting                 Tmut/Pois      48%        1d5       4%          1
b - Poisonous Vapours     Pois/Air       32%        N/A       4%          2
c - Mephitic Cloud        Conj/Pois/Air  11%        N/A       19%         3

Your spell library contained the following spells:

 Spells                   Type           Power      Damage    Failure   Level
 Olgreb's Toxic Radiance  Pois           20%        N/A       17%         4
 Alistair's Intoxication  Tmut/Pois      8%         N/A       80%         5
 Leda's Liquefaction      Hex/Erth       0%         N/A       90%         4
 Borgnjor's Vile Clutch   Necr/Erth      0%         N/A       99%         5
 Lee's Rapid Deconstruct  Erth           0%         3d4*      99%         5
 Eringya's Noxious Bog    Tmut/Pois      6%         N/A       100%        6
 Statue Form              Tmut/Erth      2%         N/A       100%        6


Dungeon Overview and Level Annotations

Branches:
Dungeon (5/15)
 Temple: D:4-7

Altars:
Uskayaw

Shops:
D:1 (   D:3 (

Annotations:
D:4 Natasha


Innate Abilities, Weirdness & Mutations

Your serpentine skin is tough. (AC +1)
You have supernaturally acute eyesight. (SInv)
Armour fits poorly on your strangely shaped body.
Your system is resistant to poisons. (rPois)
You cover ground very slowly.
You can spit poison.
You have a snake-like lower body.


Message History

You hit the orc.
You kill the orc!
Your Air Magic skill increases to level 3!
You hit the orc.
The orc is heavily wounded.
The orc completely misses you.
You barely miss the orc.
The orc is heavily wounded.
The orc priest calls upon Beogh to heal the orc.
The orc's wounds heal themselves!
The orc barely misses you. The orc hits you with a +0 flail!
You hit the orc. Your punch misses the orc.
The orc is heavily wounded.
The orc hits you from afar with a +0 trident.
The orc misses you.
You hit the orc.
You kill the orc!
The orc closely misses you.
Aiming: Sting (safe; 4% risk of failure)
Press: ? - help, Q - select action, (/) - cycle Shift-Dir - straight line, f - orc priest
Aim: an orc priest, wielding a +0 flail (71% to hit)
The sting misses the orc priest.
The orc hits you from afar with a +0 trident.
The orc priest mumbles some strange prayers to Beogh against you.
Pain shoots through your body!
* * * LOW HITPOINT WARNING * * *
Aiming: Sting (safe; 4% risk of failure)
Press: ? - help, Q - select action, (/) - cycle Shift-Dir - straight line, f/p - orc priest
Aim: an orc priest, wielding a +0 flail (71% to hit)
The sting hits the orc priest.
The orc priest is poisoned.
The orc priest is lightly wounded.
The orc completely misses you. The orc priest barely misses you.
Aiming: Sting (safe; 4% risk of failure)
Press: ? - help, Q - select action, (/) - cycle Shift-Dir - straight line, f/p - orc priest
Aim: an orc priest, wielding a +0 flail (lightly wounded, poisoned, 71% to hit)
The sting hits the orc priest.
The orc priest looks even sicker.
The orc priest is lightly wounded.
The orc priest calls down the wrath of Beogh upon you.
Pain shoots through your body!
You die...

#.....# ####.....#
#.)......# .#
#.##.....# ### #.
#.##.....# ..#..
#.######## #.#.
####.#### #.o
#....)..# #o#
#.##.##.# ### #@#
.....##.###.####.#
......#.##.......#
#...........######
#.......#####
##...#### ####


You could see an orc priest (very poisoned) and an orc.

Vanquished Creatures
  3 adders
  An ufetubus (D:4)
  A worm (D:3)
  3 dart slugs
  6 orcs
  8 endoplasms
  5 giant cockroaches
  8 goblins
  4 hobgoblins
  2 jackals (D:4)
  6 quokkas
  5 ball pythons
  5 bats
  5 frilled lizards
  6 kobolds
  A rat (D:3)
69 creatures vanquished.

Notes
Turn   | Place    | Note
-------+----------+-------------------------------------------
     0 | D:1      | DeathPants the Naga Venom Mage began the quest for the Orb.
     0 | D:1      | Reached XP level 1. HP: 15/15 MP: 3/3
   210 | D:1      | Reached XP level 2. HP: 22/22 MP: 3/5
   483 | D:1      | Reached skill level 5 in Poison Magic
   488 | D:1      | Learned a level 2 spell: Poisonous Vapours
   641 | D:1      | Found Siydorph's Antique Weapon Boutique.
  1235 | D:2      | Reached XP level 3. HP: 22/28 MP: 3/6
  1239 | D:2      | Learned a level 3 spell: Mephitic Cloud
  1516 | D:2      | Reached skill level 6 in Poison Magic
  1763 | D:2      | Reached skill level 1 in Air Magic
  1763 | D:2      | Reached XP level 4. HP: 36/36 MP: 1/7
  2390 | D:3      | Found a hide-covered altar of Uskayaw.
  2390 | D:3      | Noticed a +0 falchion
  2392 | D:3      | Noticed a +0 spear
  2392 | D:3      | Noticed a +0 falchion
  2392 | D:3      | Noticed a +0 dagger
  2393 | D:3      | Noticed a +0 spear
  2394 | D:3      | Noticed a +0 dagger
  2394 | D:3      | Noticed a +0 short sword
  2394 | D:3      | Noticed a +0 short sword
  2796 | D:3      | Found Xeuleeb's Weapon Emporium.
  3071 | D:4      | Noticed Natasha
  3543 | D:5      | Entered Level 5 of the Dungeon
  3543 | D:5      | Noticed a kobold brigand
  3836 | D:4      | Reached XP level 5. HP: 18/42 MP: 5/8
  3969 | D:4      | Killed from afar by an orc priest

Illustrated notes

Levels and vault maps discovered:
D:1:      lemuel_arrival_funnel, layout_basic, serial_shops,
          nicolae_lakefront_shop
D:2:      layout_basic, amcnicky_mini_rare_corridor_liquid, minmay_pentomino_r4
D:3:      layout_loops_ring, nicolae_uskayaw_en_pointe, serial_shops,
          nicolae_shop_bloodbath_and_beyond
D:4:      layout_loops_cross, gup_sewer_entry_spiral, st_stairs_3, uniq_natasha
D:5:      layout_cave_pools, gammafunk_temple_overflow_statue,
          minmay_temple_entry_statues, kennysheep_decorative_pillar

Skill      XL: |  1  2  3  4  5 |
---------------+----------------+-----
Poison Magic   | 5 6 |  6.0
Air Magic      | 1 2 3 |  3.0
Dodging        | |  1.5
Stealth        | |  3.0
Spellcasting   | |  2.0
Transmutations | |  1.0

Action                     |  1- 3 |  4- 6 || total
---------------------------+-------+-------++-------
  Melee: Club              |     2 |       ||     2
         Dagger            |    43 |     8 ||    51
         Whip              |       |    32 ||    32
         Flail             |       |    20 ||    20
   Cast: Sting             |    53 |    46 ||    99
         Poisonous Vapours |     4 |     3 ||     7
Ability: Spit Poison       |     1 |       ||     1
    Use: Scroll            |       |     6 ||     6
   Stab: Sleeping          |       |     1 ||     1
 Armour: Robe              |     6 |    13 ||    19
  Dodge: Dodged            |    29 |    48 ||    77

Table legend: (Time is in decaauts)
 A = Elapsed time spent in this place.
 B = Non-inter-level travel time spent in this place.
 C = Inter-level travel time spent in this place.
 D = Time resting spent in this place.
 E = Time spent auto-exploring this place.
 F = Levels seen in this place.
 G = Mean time per level.
                   A        B        C        D        E       F      G
               +--------+--------+--------+--------+--------+-----+--------+
         Total |   4832 |   4768 |     64 |    229 |   3595 |   5 |  966.4 |
       Dungeon |   4832 |   4768 |     64 |    229 |   3595 |   5 |  966.4 |
               +--------+--------+--------+--------+--------+-----+--------+

Top non-repeatable levels by time:
     D:1: 1448 daAuts
     D:3: 1296 daAuts
     D:2: 1295 daAuts
     D:4: 786 daAuts
     D:5: 4 daAuts
